 Dungeon Crawl Stone Soup version 0.30-a0-322-g102857c98e (webtiles) character file.

Game seed: 16501873418984690740

2198 Lobster4 the Caller (level 9, -2/73 HPs)
             Began as a Hill Orc Summoner on Oct 28, 2022.
             Slain by a yak (15 damage)
             ... on level 5 of the Dungeon.
             The game lasted 00:33:51 (7676 turns).

Lobster4 the Caller (Hill Orc Summoner)             Turns: 7676, Time: 00:33:52

Health: -2/73      AC:  6    Str: 11    XL:     9   Next: 34%
Magic:  12/16      EV: 11    Int: 17    God:
Gold:   335        SH:  0    Dex: 13    Spells: 12/18 levels left

rFire   . . .      SeeInvis +    a - +2 rapier of the Eternal Warrior {flame, rC++ SInv}
rCold   + + .      Faith    .    (no shield)
rNeg    . . .      Spirit   .    p - +0 leather armour
rPois   +          Reflect  .    s - +1 helmet {SInv}
rElec   .          Harm     .    v - +0 cloak
rCorr   .          Rampage  .    (no gloves)
Will    .....                    (no boots)
Stlth   ++........               (no amulet)
HPRegen 0.32/turn                j - ring of poison resistance
MPRegen 0.15/turn                B - ring of wizardry

@: no status effects
A: no striking features
a: no special abilities


You were on level 5 of the Dungeon.
You visited 2 branches of the dungeon, and saw 7 of its levels.

You collected 335 gold pieces.

Inventory:

Hand Weapons
 a - the +2 rapier of the Eternal Warrior (weapon) {flame, rC++ SInv}
   (You found it on level 2 of the Dungeon)

   It burns those it strikes, dealing additional fire damage.
   rC:        It greatly protects you from cold.
   SInv:      It lets you see invisible.
 b - a +0 sling
 o - a +0 dagger
 E - a +0 shortbow
 G - a +2 hand axe of holy wrath
Missiles
 g - 5 stones
 t - 4 boomerangs (quivered)
 u - 3 poisoned darts
 D - a curare-tipped dart
Armour
 n - a +0 ring mail
 p - a +0 leather armour (worn)
 s - a +1 helmet of see invisible (worn)
 v - a +0 cloak (worn)
Jewellery
 j - a ring of poison resistance (left hand)
 B - a ring of wizardry (right hand)
Wands
 i - a wand of digging (5)
 y - a wand of paralysis (12)
Scrolls
 c - 2 scrolls of fog
 d - 3 scrolls of teleportation
 l - a scroll of immolation {unknown}
 m - a scroll of fear
 r - a scroll of brand weapon {unknown}
 w - a scroll of enchant weapon
 A - a scroll of enchant armour {unknown}
 F - a scroll of vulnerability {unknown}
 H - a scroll of magic mapping {unknown}
Potions
 e - 2 potions of heal wounds {unknown}
 f - 2 potions of curing
 h - a potion of flight
 k - a potion of magic
 q - a potion of haste
 x - a potion of invisibility {unknown}
 z - a potion of ambrosia
 C - 3 potions of brilliance {unknown}


   Skills:
 + Level 4.8 Fighting
 + Level 2.9 Short Blades
 - Level 2.0 Throwing
 + Level 3.8 Armour
 - Level 2.0 Dodging
 - Level 2.0 Stealth
 + Level 5.1 Spellcasting
 + Level 7.6 Summonings
 - Level 3.0 Evocations


You had 12 spell levels left.
You knew the following spells:

 Your Spells              Type           Power      Damage    Failure   Level
a - Summon Small Mammal   Summ           100%       N/A       1%          1
b - Call Imp              Summ           30%        N/A       1%          2
c - Call Canine Familiar  Summ           30%        N/A       1%          3

Your spell library contained the following spells:

 Spells                   Type           Power      Damage    Failure   Level
 Summon Guardian Golem    Hex/Summ       17%        N/A       4%          3
 Cigotuvi's Dreadful Rot  Necr/Pois/Air  8%         N/A       11%         2
 Poisonous Vapours        Pois/Air       8%         N/A       11%         2
 Summon Lightning Spire   Summ/Air       17%        N/A       16%         4
 Inner Flame              Hex/Fire       4%         N/A       21%         3
 Mephitic Cloud           Conj/Pois/Air  4%         N/A       21%         3
 Cause Fear               Hex            2%         N/A       54%         4
 Discord                  Hex            2%         N/A       100%        8


Dungeon Overview and Level Annotations

Branches:
Dungeon (6/15)             Temple (1/1) D:5

Altars:
Ashenzari
Cheibriados
Elyvilon
Fedhas
Gozag
Kikubaaqudgha
Makhleb
Okawaru
Qazlal
Ru
Sif Muna
Trog
Uskayaw
Wu Jian
Xom
Yredelemnul
Zin
The Shining One

Annotations:
D:3 Sigmund


Message History

Unknown command.
Casting: Call Canine Familiar (safe; 1% risk of failure)
Confirm with . or Enter, or press ? or * to list all spells.
A beastly little devil appears in a puff of flame.
Your hound bites the yak.
The gnoll hits you with a +0 flail. The yak gores you.
Unknown command.
You barely miss the gnoll.
Your hound barely misses the yak.
The gnoll closely misses you. The yak gores you!
Your hound bites the yak.
You barely miss the gnoll.
Your hound barely misses the yak.
The gnoll hits you with a +0 flail! The yak barely misses you.
Your crimson imp closely misses the yak.
You hit the gnoll. You burn the gnoll.
The gnoll is moderately wounded.
Your hound bites the yak.
The gnoll barely misses you. The yak closely misses you.
Your hound barely misses the yak.
Your crimson imp hits the yak.
You closely miss the gnoll.
The gnoll is moderately wounded.
Your hound bites the yak.
The gnoll hits you with a +0 flail. The yak misses you.
Your crimson imp hits the yak but does no damage.
You hit the gnoll. You burn the gnoll.
The gnoll is severely wounded.
Your hound bites the yak but does no damage.
The gnoll hits you with a +0 flail. The yak gores you!
* * * LOW HITPOINT WARNING * * *
Your hound bites the yak.
Your crimson imp hits the yak but does no damage.
You hit the gnoll but do no damage.
The gnoll is severely wounded.
Your hound bites the yak.
The gnoll misses you. The yak gores you but does no damage.
Your crimson imp barely misses the yak.
Your hound bites the yak but does no damage.
You hit the gnoll but do no damage.
The gnoll is severely wounded.
The gnoll hits you with a +0 flail.
* * * LOW HITPOINT WARNING * * *
The yak gores you!
You die...

#.# #.########.### ###'###.#
#....#.# #....##.###...r#.#
#................###
#.....#.............
#.....#.############
#.....#.............
#.)[g.#.############
#.[@[.#.############
#..5Y..............(
#############^..h.#.############
#.................#.#...........
#.................#.#.########..
#.................#.#.########..
##########........#.#.#......'..
#........#.#.#.######..
#........#.#........'..


You could see a yak (ally target), a gnoll (swift), a friendly hound (summoned)
and a friendly crimson imp (summoned).

Vanquished Creatures
  A yak (D:5)
  A water moccasin (D:5)
  An ice beast (D:5)
  A black bear (D:5)
  2 ogres
  A centaur (D:5)
  3 hounds
  An orc priest (D:5)
  5 orc wizards (D:5)
  Robin (D:2)
  11 adders
  A shadow imp (D:5)
  A white imp (D:5)
  2 worms (D:5)
  2 dart slugs
  6 orcs
  2 bats
  7 endoplasms
  4 giant cockroaches
  10 hobgoblins
  7 kobolds
  A quokka (D:1)
  3 ball pythons
  5 frilled lizards
  10 goblins
  A rat (D:1)
90 creatures vanquished.

Vanquished Creatures (collateral kills)
  Prince Ribbit (D:5)
  A wyvern (D:5)
  An orc warrior (D:5)
  An ice beast (D:5)
  A black bear (D:4)
  An ogre (D:5)
  A kobold brigand (D:5)
  A necrophage (D:5)
  A hound (D:4)
  An iguana (D:5)
  Jessica (D:3)
  2 orc wizards (D:5)
  4 adders
  A white imp (D:5)
  4 orcs
  4 bats
  6 endoplasms
  4 giant cockroaches (D:1)
  5 goblins
  5 hobgoblins
  7 kobolds
  3 quokkas
  A ball python (D:3)
  2 frilled lizards
  3 rats
62 creatures vanquished.

Vanquished Creatures (others)
  17 plants
  A withered plant (D:3)
18 creatures vanquished.

Grand Total: 170 creatures vanquished

Notes
Turn   | Place    | Note
-------+----------+-------------------------------------------
     0 | D:1      | Lobster4 the Hill Orc Summoner began the quest for the Orb.
     0 | D:1      | Reached XP level 1. HP: 14/14 MP: 3/3
   151 | D:1      | Reached XP level 2. HP: 22/22 MP: 2/4
   163 | D:1      | Learned a level 2 spell: Call Imp
   907 | D:1      | Reached skill level 1 in Fighting
   907 | D:1      | Reached XP level 3. HP: 28/28 MP: 0/5
   969 | D:1      | Reached skill level 1 in Armour
  1141 | D:2      | Identified the +2 rapier of the Eternal Warrior {flame,
                  | rC++ SInv}
  1351 | D:2      | You fall into a shaft and drop 1 floor!
  1436 | D:3      | Reached XP level 4. HP: 23/35 MP: 4/6
  2173 | D:3      | Noticed Robin
  2216 | D:2      | Killed Robin
  2295 | D:3      | Reached skill level 1 in Short Blades
  2295 | D:3      | Reached XP level 5. HP: 32/41 MP: 3/8
  2347 | D:3      | Noticed Jessica
  2352 | D:3      | Killed Jessica
  2416 | D:3      | Found an ancient bone altar of Kikubaaqudgha.
  2416 | D:3      | Found a blossoming altar of Fedhas.
  2557 | D:3      | Noticed Sigmund
  2728 | D:3      | Learned a level 3 spell: Call Canine Familiar
  3221 | D:4      | Found a shimmering altar of Xom.
  3481 | D:4      | Noticed a black bear
  3572 | D:3      | Reached XP level 6. HP: 31/50 MP: 2/9
  3750 | D:4      | Reached skill level 1 in Evocations
  3866 | D:4      | Reached skill level 1 in Throwing
  3958 | D:4      | Killed a black bear
  3959 | D:4      | Reached XP level 7. HP: 53/57 MP: 1/10
  4282 | D:5      | Entered Level 5 of the Dungeon
  4479 | D:5      | Reached skill level 5 in Summonings
  4855 | D:5      | Found a staircase to the Ecumenical Temple.
  5022 | Temple   | Entered the Ecumenical Temple
  5330 | D:5      | Reached XP level 8. HP: 62/66 MP: 8/12
  5509 | D:5      | Reached skill level 6 in Summonings
  5654 | D:5      | Noticed a wyvern
  6028 | D:5      | Killed a wyvern
  6286 | D:5      | Reached skill level 7 in Summonings
  6637 | D:5      | Reached XP level 9. HP: 30/71 MP: 10/16
  7215 | D:5      | Reached skill level 5 in Spellcasting
  7372 | D:6      | Noticed Prince Ribbit
  7397 | D:5      | HP: 2/72 [Prince Ribbit (7)]
  7398 | D:5      | Killed Prince Ribbit
  7676 | D:5      | Slain by a yak

Illustrated notes

Levels and vault maps discovered:
D:1:      spicycebolla_arrival_clurvy, layout_loops_cross, minmay_fountain_box,
          minmay_worlds_worst_comb
D:2:      layout_loops_ring, kennysheep_generic_room_12
D:3:      layout_rooms, grunt_temple_overflow_growth_and_decay,
          corexii_hall_statues_i, kennysheep_generic_room_11, uniq_jessica,
          uniq_sigmund, uniq_robin
D:4:      layout_loops_ring, tgw_xom, minmay_stone_trees_small
D:5:      cheibrodos_barr_body, layout_basic, minmay_temple_entry_stoned_glass
D:6:      layout_cave_pools, nemelex_diamond_rough_becter, uniq_prince_ribbit1,
          uniq_edmund
Temple:   nicolae_temple_superstar

Skill      XL: |  1  2  3  4  5  6  7  8  9 |
---------------+----------------------------+-----
Fighting       | 1 2 3 4 |  4.8
Armour         | 1 2 3 |  3.8
Dodging        | 2 |  2.0
Stealth        | 2 |  2.0
Spellcasting   | 2 3 4 5 |  5.1
Short Blades   | 1 2 |  2.9
Evocations     | 1 2 3 |  3.0
Throwing       | 1 2 |  2.0
Summonings     | 5 7 |  7.6

Action                   |  1- 3 |  4- 6 |  7- 9 || total
-------------------------+-------+-------+-------++-------
Melee: Unarmed           |    79 |       |       ||    79
       Punch             |     1 |     2 |     5 ||     8
       Rapier            |    16 |   110 |   174 ||   300
       Dagger            |     6 |       |       ||     6
       Short sword       |     4 |       |       ||     4
Throw: Boomerang         |       |     2 |       ||     2
       Dart              |       |       |     3 ||     3
 Cast: Summon Small Mamm |    29 |    43 |    33 ||   105
       Call Imp          |    13 |    26 |    25 ||    64
       Call Canine Famil |       |     3 |    33 ||    36
  Use: Scroll            |       |     8 |     7 ||    15
       Potion            |       |       |     1 ||     1
 Stab: Sleeping          |     3 |     1 |       ||     4
       Distracted        |     1 |       |     1 ||     2
Armor: Robe              |    14 |       |       ||    14
       Leather armour    |     3 |    60 |    63 ||   126
Dodge: Dodged            |    72 |    97 |   125 ||   294

Table legend: (Time is in decaauts)
 A = Elapsed time spent in this place.
 B = Non-inter-level travel time spent in this place.
 C = Inter-level travel time spent in this place.
 D = Time resting spent in this place.
 E = Time spent auto-exploring this place.
 F = Levels seen in this place.
 G = Mean time per level.
                   A        B        C        D        E       F      G
               +--------+--------+--------+--------+--------+-----+--------+
         Total |   7729 |   7220 |    509 |   1818 |   3360 |   7 | 1104.1 |
       Dungeon |   7574 |   7065 |    509 |   1818 |   3260 |   6 | 1262.3 |
        Temple |    154 |    154 |      0 |      0 |    100 |   1 |  154.0 |
               +--------+--------+--------+--------+--------+-----+--------+

Top non-repeatable levels by time:
     D:5: 3069 daAuts
     D:2: 1189 daAuts
     D:4: 1127 daAuts
     D:1: 1029 daAuts
     D:3: 958 daAuts
     D:6: 200 daAuts
  Temple: 154 daAuts
